[Event "Icelandic-ch 2021"]
[Site "Kopavogur"]
[Date "2021.04.23"]
[Round "2.3"]
[White "Kjartansson, Gudmundur"]
[Black "Bjornsson, Sigurbjorn"]
[Result "1-0"]
[ECO "E71"]
[WhiteElo "2503"]
[BlackElo "2327"]
[Annotator "RC"]
[PlyCount "71"]
[EventDate "2021.04.22"]
[EventType "tourn"]
[EventCountry "ISL"]
[SourceTitle "playchess.com"]
[Source "ChessBase"]
[SourceQuality "1"]
[TimeControl "40/5400+30:1800+30"]

1. d4 Nf6 2. c4 g6 3. Nc3 Bg7 4. e4 d6 5. h3 O-O 6. Be3 Nc6 7. d5 Ne5 8. f4 Ned7 9. g4 e6 10. dxe6 fxe6 11. Bg2 Nb6 12. Qd3 Bd7 13. Nge2 Bc6 14. O-O Qe8 15. Rae1 e5 16. f5 gxf5 17. Rxf5 Bd7 18. Rff1 Be6 19. b3 Qg6 20. Ng3 Bh6 21. Nf5 Bxe3+ 22. Qxe3 Kh8 23. Rf2 Rf7 24. Ref1 Ng8 25. Nb5 Rd7 26. Bf3 d5 27. Nh4 Qf6 28. exd5 Qxh4 29. dxe6 Rg7 30. Bg2 Re8 31. Qxe5 Nd7 32. Qd4 Rxe6 33. Nxc7 Rf6 34. Ne8 Rgf7 35. Nxf6 Ndxf6 36. Qc3 1-0

[Event "Icelandic-ch 2021"]
[Site "Kopavogur"]
[Date "2021.04.24"]
[Round "3.1"]
[White "Mai, Alexander Oliver"]
[Black "Hjartarson, Johann"]
[Result "0-1"]
[ECO "B06"]
[WhiteElo "2025"]
[BlackElo "2523"]
[Annotator "ChessBase"]
[PlyCount "72"]
[EventDate "2021.04.22"]
[EventType "tourn"]
[EventCountry "ISL"]
[SourceTitle "playchess.com"]
[Source "ChessBase"]
[SourceQuality "1"]
[TimeControl "40/5400+30:1800+30"]

1. d4 d6 2. e4 g6 3. Nf3 Bg7 4. Bc4 Nf6 5. Qe2 O-O 6. e5 dxe5 7. dxe5 Nd5 8. O-O Nb6 9. Rd1 Qe8 10. Bd3 Nc6 11. h3 Nb4 12. Be4 f5 13. exf6 exf6 14. Re1 Qf7 15. a3 Na6 16. Nc3 Nc5 17. Be3 Nxe4 18. Nxe4 Bd7 19. Nc5 Bc6 20. Rad1 Rae8 21. Nd4 Bd5 22. b3 f5 23. Qd3 f4 24. Bc1 Qf6 25. Rxe8 Rxe8 26. Nf3 Qc6 27. b4 Bc4 28. Qd2 Nd5 29. Nd4 Qf6 30. Bb2 f3 31. g3 b6 32. Ncb3 Qf7 33. Re1 Rxe1+ 34. Qxe1 Bxb3 35. cxb3 c5 36. bxc5 bxc5 0-1

[Event "Icelandic-ch 2021"]
[Site "Kopavogur"]
[Date "2021.04.24"]
[Round "3.2"]
[White "Gretarsson, Helgi Ass"]
[Black "Stefansson, Vignir Vatnar"]
[Result "0-1"]
[ECO "C00"]
[WhiteElo "2437"]
[BlackElo "2327"]
[Annotator "NA"]
[PlyCount "118"]
[EventDate "2021.04.22"]
[EventType "tourn"]
[EventCountry "ISL"]
[SourceTitle "playchess.com"]
[Source "ChessBase"]
[SourceQuality "1"]
[TimeControl "40/5400+30:1800+30"]

1. Nf3 d5 2. g3 Nf6 3. Bg2 e6 4. O-O Be7 5. d3 c5 6. Nbd2 Nc6 7. e4 O-O 8. Re1 Qc7 9. Qe2 b5 10. e5 Nd7 11. Nf1 a5 12. h4 Ba6 13. Bf4 Rfc8 14. Ne3 Qd8 15. Ng4 Bf8 16. h5 h6 17. Bh3 b4 18. Qd1 a4 19. Rb1 a3 20. b3 Na7 21. Bd2 Nb5 22. Nh4 Nc3 23. Bxc3 bxc3 24. f4 Be7 25. Ng2 d4 26. Nf2 Qc7 27. Ne4 Bb7 28. Qf3 Rf8 29. Qf2 Kh8 30. Kh2 Rae8 31. Re2 Bd5 32. Rf1 Nb8 33. Ne1 Nc6 34. Nf3 Nb4 35. Ra1 Qb7 36. f5 exf5 37. Bxf5 Qc6 38. Qg2 Be6 39. Qh3 Qd7 40. Bxe6 Qxe6 41. Kg2 Ra8 42. Qxe6 fxe6 43. Nd6 Bxd6 44. exd6 Rad8 45. Ne5 Rxd6 46. Ng6+ Kg8 47. Nxf8 Kxf8 48. Rf2+ Ke7 49. Raf1 Ra6 50. g4 Kd6 51. g5 hxg5 52. Kg3 Nxa2 53. Kg4 Ra5 54. Kxg5 c4+ 55. Kg6 cxb3 56. cxb3 Nb4 57. Rh2 a2 58. Ra1 Ra7 59. Rf2 c2 0-1

[Event "Icelandic-ch 2021"]
[Site "Kopavogur"]
[Date "2021.04.24"]
[Round "3.3"]
[White "Bjornsson, Sigurbjorn"]
[Black "Thorfinnsson, Bragi"]
[Result "0-1"]
[ECO "C40"]
[WhiteElo "2327"]
[BlackElo "2432"]
[Annotator "NA"]
[PlyCount "36"]
[EventDate "2021.04.22"]
[EventType "tourn"]
[EventCountry "ISL"]
[SourceTitle "playchess.com"]
[Source "ChessBase"]
[SourceQuality "1"]
[TimeControl "40/5400+30:1800+30"]

1. e4 e5 2. Nf3 d5 3. Nxe5 Bd6 4. d4 dxe4 5. Bf4 Nf6 6. Bc4 O-O 7. O-O Nc6 8. Nxc6 bxc6 9. Bg5 h6 10. Bh4 Rb8 11. Nc3 Bf5 12. Re1 Re8 13. b3 g5 14. Bg3 Bb4 15. Qd2 e3 16. Rxe3 Ne4 17. Rxe4 Rxe4 18. d5 Qf6 0-1

[Event "Icelandic-ch 2021"]
[Site "Kopavogur"]
[Date "2021.04.24"]
[Round "3.4"]
[White "Stefansson, Hannes"]
[Black "Kjartansson, Gudmundur"]
[Result "1/2-1/2"]
[ECO "C11"]
[WhiteElo "2532"]
[BlackElo "2503"]
[Annotator "ChessBase"]
[PlyCount "100"]
[EventDate "2021.04.22"]
[EventType "tourn"]
[EventCountry "ISL"]
[SourceTitle "playchess.com"]
[Source "ChessBase"]
[SourceQuality "1"]
[TimeControl "40/5400+30:1800+30"]

1. e4 e6 2. d4 d5 3. Nc3 Nf6 4. e5 Nfd7 5. f4 c5 6. Nf3 Nc6 7. Be3 Be7 8. Qd2 O-O 9. dxc5 Qa5 10. a3 Bxc5 11. Bxc5 Nxc5 12. O-O-O Rd8 13. h4 Bd7 14. Rh3 Rac8 15. Kb1 Be8 16. Nd4 Nxd4 17. Qxd4 Ne4 18. Be2 Nxc3+ 19. Rxc3 Rxc3 20. Qxc3 Qxc3 21. bxc3 Rc8 22. Kb2 Kf8 23. Rd4 b5 24. Rd3 Rc4 25. Rd4 Rc5 26. Rd3 f6 27. Re3 f5 28. Kb3 a5 29. Kb2 Rc7 30. Kc1 Ke7 31. Kd2 Kd8 32. Rh3 Kc8 33. Rh1 Rc5 34. Rb1 Kc7 35. g3 h5 36. Bd3 g6 37. Be2 Bd7 38. Bd3 Kb6 39. Rb2 Rc7 40. Rb1 Kc5 41. Be2 Rb7 42. Bd3 d4 43. cxd4+ Kxd4 44. c3+ Kc5 45. Ke3 Bc6 46. Be2 Bd5 47. Rd1 Rc7 48. Rd4 Rc8 49. Bf1 Rc7 50. Be2 Rc8 1/2-1/2

[Event "Icelandic-ch 2021"]
[Site "Kopavogur"]
[Date "2021.04.24"]
[Round "3.5"]
[White "Gretarsson, Hjorvar Steinn"]
[Black "Thorfinnsson, Bjorn"]
[Result "1-0"]
[ECO "A01"]
[WhiteElo "2588"]
[BlackElo "2384"]
[Annotator "ChessBase"]
[PlyCount "71"]
[EventDate "2021.04.22"]
[EventType "tourn"]
[EventCountry "ISL"]
[SourceTitle "playchess.com"]
[Source "ChessBase"]
[SourceQuality "1"]
[TimeControl "40/5400+30:1800+30"]

1. b3 c5 2. Bb2 Nc6 3. e3 e5 4. Bb5 d6 5. d4 cxd4 6. exd4 Bd7 7. Qe2 Be7 8. Nf3 Nxd4 9. Nxd4 exd4 10. Bxd4 Nf6 11. Bxf6 Qa5+ 12. Nc3 gxf6 13. Bxd7+ Kxd7 14. Qb5+ Qxb5 15. Nxb5 Rac8 16. c4 a6 17. Nc3 b5 18. Nd5 Bd8 19. Rc1 bxc4 20. bxc4 Rg8 21. g3 Rb8 22. Kd2 Rb2+ 23. Rc2 Rb7 24. Ke3 Re8+ 25. Kf3 Kc6 26. Rd1 Re5 27. Rd3 Rf5+ 28. Kg4 Rg5+ 29. Kf4 Re5 30. f3 a5 31. h4 Rb1 32. Nc3 Rb4 33. Ne4 Be7 34. a3 Rb1 35. Rcd2 Rb6 36. Nxd6 1-0

[Event "Icelandic-ch 2021"]
[Site "Kopavogur"]
[Date "2021.04.25"]
[Round "4.1"]
[White "Hjartarson, Johann"]
[Black "Thorfinnsson, Bjorn"]
[Result "0-1"]
[ECO "D66"]
[WhiteElo "2523"]
[BlackElo "2384"]
[Annotator "ChessBase"]
[PlyCount "106"]
[EventDate "2021.04.22"]
[EventType "tourn"]
[EventCountry "ISL"]
[SourceTitle "playchess.com"]
[Source "ChessBase"]
[SourceQuality "1"]
[TimeControl "40/5400+30:1800+30"]

1. d4 d5 2. c4 e6 3. Nc3 Be7 4. Nf3 Nf6 5. Bg5 c6 6. e3 O-O 7. Rc1 Re8 8. Bd3 Nbd7 9. O-O dxc4 10. Bxc4 Nd5 11. Bxe7 Qxe7 12. e4 N5b6 13. Bb3 e5 14. d5 Nc5 15. Bc2 Bg4 16. h3 Bh5 17. Re1 Rad8 18. g4 Bg6 19. b4 Na6 20. a3 Nc7 21. Bb3 Qf6 22. Re3 Ne6 23. a4 Nf4 24. h4 h5 25. g5 Qe7 26. a5 Nc8 27. a6 b5 28. Qf1 Qxb4 29. Na2 Qa5 30. Rxc6 Nd6 31. Nc3 b4 32. Na4 Nxe4 33. Rxg6 Nxf2 34. Rc6 Ng4 35. Nxe5 Rxe5 36. Rxe5 Nh3+ 37. Qxh3 Nxe5 38. Rc8 Ng4 39. Rxd8+ Qxd8 40. Qg3 Qc8 41. Bd1 Qc1 42. Qf3 Qd2 43. Be2 b3 44. d6 Qd4+ 45. Kg2 Qxa4 46. Qa8+ Kh7 47. Bd3+ g6 48. Qxa7 Qf4 49. d7 Qd2+ 50. Kg1 Qxd3 51. d8=Q Qxd8 52. Qxf7+ Kh8 53. Qxb3 Qd4+ 0-1

[Event "Icelandic-ch 2021"]
[Site "Kopavogur"]
[Date "2021.04.25"]
[Round "4.2"]
[White "Kjartansson, Gudmundur"]
[Black "Gretarsson, Hjorvar Steinn"]
[Result "1-0"]
[ECO "A21"]
[WhiteElo "2503"]
[BlackElo "2588"]
[Annotator "ChessBase"]
[PlyCount "77"]
[EventDate "2021.04.22"]
[EventType "tourn"]
[EventCountry "ISL"]
[SourceTitle "playchess.com"]
[Source "ChessBase"]
[SourceQuality "1"]
[TimeControl "40/5400+30:1800+30"]

1. c4 e5 2. Nc3 Bb4 3. Nd5 Be7 4. d4 d6 5. e4 Nf6 6. Nxe7 Qxe7 7. f3 exd4 8. Qxd4 Nc6 9. Qc3 O-O 10. Ne2 Ne5 11. Bg5 Re8 12. Qc2 h6 13. Bh4 c6 14. O-O-O d5 15. cxd5 cxd5 16. exd5 Bd7 17. Nc3 Rac8 18. Kb1 b5 19. d6 Qe6 20. Qb3 Qf5+ 21. Ka1 Be6 22. Qxb5 Rb8 23. Bd3 Qh5 24. Qa4 Bd7 25. Qd4 Nc6 26. Qf2 g5 27. Bg3 Rb4 28. Qc5 g4 29. Qxh5 Nxh5 30. Bb5 Nxg3 31. hxg3 Rb8 32. Bxc6 Bxc6 33. d7 Rd8 34. Rxh6 Rb6 35. Nd5 Bxd5 36. Rxb6 Bxf3 37. gxf3 axb6 38. fxg4 Kf8 39. a4 1-0

[Event "Icelandic-ch 2021"]
[Site "Kopavogur"]
[Date "2021.04.25"]
[Round "4.3"]
[White "Thorfinnsson, Bragi"]
[Black "Stefansson, Hannes"]
[Result "1/2-1/2"]
[ECO "D11"]
[WhiteElo "2432"]
[BlackElo "2532"]
[Annotator "ChessBase"]
[PlyCount "123"]
[EventDate "2021.04.22"]
[EventType "tourn"]
[EventCountry "ISL"]
[SourceTitle "playchess.com"]
[Source "ChessBase"]
[SourceQuality "1"]
[TimeControl "40/5400+30:1800+30"]

1. d4 c6 2. Nf3 Nf6 3. c4 d5 4. Qc2 dxc4 5. e4 b5 6. b3 cxb3 7. axb3 e6 8. Bd3 Qb6 9. O-O Na6 10. Bg5 Nb4 11. Qe2 Bb7 12. Nc3 h6 13. Be3 Nxd3 14. Qxd3 a6 15. Rfc1 Qd8 16. e5 Nd7 17. Qe4 Qe7 18. h4 Nb6 19. Qf4 Nd5 20. Nxd5 exd5 21. Bd2 Qe6 22. Qg3 Be7 23. Ne1 Qf5 24. Nd3 Bxh4 25. Qxh4 Qxd3 26. Bb4 g5 27. Qh5 Qg6 28. Qxg6 fxg6 29. Rc3 g4 30. f3 a5 31. Bd6 b4 32. Re3 Bc8 33. e6 gxf3 34. Rf1 a4 35. bxa4 b3 36. Rxb3 Bxe6 37. Rb7 Kd8 38. Rxf3 Re8 39. Rg7 Kc8 40. Rc7+ Kd8 41. Rb3 Bd7 42. a5 Re6 43. Bg3 c5 44. Rxc5 Rc6 45. Rxd5 Kc8 46. Rb2 Rc3 47. Kh2 Bc6 48. Re5 Rc4 49. d5 Bd7 50. Re7 Kd8 51. Rh7 Rxa5 52. Rb8+ Bc8 53. Rh8+ Kd7 54. Rh7+ Kd8 55. Rh8+ Kd7 56. Rb6 Rxd5 57. Rh7+ Ke8 58. Rxg6 Rh5+ 59. Kg1 Rg5 60. Rhxh6 Rxg6 61. Rxg6 Rg4 62. Rxg4 1/2-1/2

[Event "Icelandic-ch 2021"]
[Site "Kopavogur"]
[Date "2021.04.25"]
[Round "4.4"]
[White "Stefansson, Vignir Vatnar"]
[Black "Bjornsson, Sigurbjorn"]
[Result "1-0"]
[ECO "B07"]
[WhiteElo "2327"]
[BlackElo "2327"]
[Annotator "NA"]
[PlyCount "63"]
[EventDate "2021.04.22"]
[EventType "tourn"]
[EventCountry "ISL"]
[SourceTitle "playchess.com"]
[Source "ChessBase"]
[SourceQuality "1"]
[TimeControl "40/5400+30:1800+30"]

1. d4 Nf6 2. g3 g6 3. Bg2 Bg7 4. e4 d6 5. Ne2 O-O 6. O-O e5 7. Nbc3 exd4 8. Nxd4 Re8 9. h3 Bd7 10. Be3 Nc6 11. Nb3 Ne5 12. Nd2 Bc6 13. f4 Ned7 14. Re1 Re7 15. Bf2 Qf8 16. Nb3 Rae8 17. Qd3 Nh5 18. Na5 Nb6 19. Nxc6 bxc6 20. Rad1 Rd7 21. Bf3 Nf6 22. Qa6 Ra8 23. a4 Qc8 24. Be2 Re7 25. a5 Qxa6 26. Bxa6 Nbd7 27. Bb7 Rb8 28. a6 Nb6 29. Bxc6 Nc4 30. Bxa7 Rxb2 31. Bd4 Nd7 32. Nd5 1-0

[Event "Icelandic-ch 2021"]
[Site "Kopavogur"]
[Date "2021.04.25"]
[Round "4.5"]
[White "Mai, Alexander Oliver"]
[Black "Gretarsson, Helgi Ass"]
[Result "1/2-1/2"]
[ECO "B09"]
[WhiteElo "2025"]
[BlackElo "2437"]
[Annotator "NA"]
[PlyCount "77"]
[EventDate "2021.04.22"]
[EventType "tourn"]
[EventCountry "ISL"]
[SourceTitle "playchess.com"]
[Source "ChessBase"]
[SourceQuality "1"]
[TimeControl "40/5400+30:1800+30"]

1. d4 g6 2. e4 Bg7 3. Nc3 d6 4. f4 Nf6 5. Nf3 O-O 6. e5 Nfd7 7. h4 c5 8. h5 cxd4 9. hxg6 $15 (9. Qxd4 $14 dxe5 10. Qf2) 9... dxc3 10. gxf7+ Rxf7 11. Bc4 e6 12. Ng5 Nxe5 13. Qh5 h6 14. fxe5 hxg5 15. Qh7+ Kf8 16. Qh8+ Bxh8 17. Rxh8+ Kg7 18. Rxd8 Nc6 19. Rxd6 Nxe5 20. Be2 Rc7 21. bxc3 Bd7 22. Bb2 Nf7 23. c4+ Kg8 24. Rd2 Bc6 25. O-O-O Re8 26. Bh5 e5 27. Rf2 Re6 28. Rdf1 Be8 29. Rf5 Kg7 30. Bxf7 Rxf7 31. Rxg5+ Kh6 32. Rxf7 Bxf7 33. Rxe5 Rxe5 34. Bxe5 Bxc4 35. a4 Bd5 36. g3 Kg5 37. Kd2 Kg4 38. Bb8 a6 39. Ke3 1/2-1/2

[Event "Icelandic-ch 2021"]
[Site "Kopavogur"]
[Date "2021.04.26"]
[Round "5.1"]
[White "Gretarsson, Helgi Ass"]
[Black "Hjartarson, Johann"]
[Result "1/2-1/2"]
[ECO "E12"]
[WhiteElo "2437"]
[BlackElo "2523"]
[Annotator "ChessBase"]
[PlyCount "136"]
[EventDate "2021.04.22"]
[EventType "tourn"]
[EventCountry "ISL"]
[SourceTitle "playchess.com"]
[Source "ChessBase"]
[SourceQuality "1"]
[TimeControl "40/5400+30:1800+30"]

1. d4 Nf6 2. c4 e6 3. Nf3 b6 4. Bf4 Bb4+ 5. Nfd2 Nh5 6. a3 Be7 7. Bg3 Nxg3 8. hxg3 c5 9. d5 exd5 10. cxd5 d6 11. e3 a6 12. a4 Nd7 13. Nc3 g6 14. g4 O-O 15. Be2 Re8 16. g3 Rb8 17. Kf1 Bf8 18. Kg2 Qe7 19. Nc4 Bg7 20. Na3 Nf6 21. Bf3 h6 22. Nc4 Bd7 23. a5 b5 24. Nb6 b4 25. Nca4 Bb5 26. Ra2 Ne4 27. b3 Ng5 28. Nb2 Bxb2 29. Rxb2 Qf6 30. Rc2 Qxf3+ 31. Qxf3 Nxf3 32. Kxf3 Bd3 33. Rcc1 Be4+ 34. Ke2 Bxh1 35. Rxh1 Kg7 36. Nc4 Rbd8 37. f4 Rh8 38. Nd2 f5 39. gxf5 gxf5 40. Kf3 h5 41. e4 fxe4+ 42. Nxe4 Kg6 43. Ke3 Rhf8 44. Kd3 Rde8 45. Nxd6 Rd8 46. Nc4 Rxd5+ 47. Ke4 Rd4+ 48. Ke3 Rxc4 49. bxc4 Rd8 50. Ke4 Rd4+ 51. Ke5 Rxc4 52. f5+ Kf7 53. Kd5 Rc2 54. Rxh5 b3 55. Rh7+ Kf6 56. Rh6+ Kxf5 57. Rxa6 c4 58. Rb6 b2 59. a6 c3 60. Kc4 Rc1 61. a7 Ra1 62. Kxc3 Rxa7 63. Kxb2 Rg7 64. Rb3 Kg4 65. Kc2 Rf7 66. Kd2 Rf3 67. Rxf3 Kxf3 68. Kd3 Kxg3 1/2-1/2

[Event "Icelandic-ch 2021"]
[Site "Kopavogur"]
[Date "2021.04.26"]
[Round "5.2"]
[White "Bjornsson, Sigurbjorn"]
[Black "Mai, Alexander Oliver"]
[Result "1-0"]
[ECO "C42"]
[WhiteElo "2327"]
[BlackElo "2025"]
[Annotator "NA"]
[PlyCount "99"]
[EventDate "2021.04.22"]
[EventType "tourn"]
[EventCountry "ISL"]
[SourceTitle "playchess.com"]
[Source "ChessBase"]
[SourceQuality "1"]
[TimeControl "40/5400+30:1800+30"]

1. e4 e5 2. Nf3 Nf6 3. Nxe5 Nxe4 4. Qe2 Qe7 5. Qxe4 d6 6. d4 dxe5 7. dxe5 Nc6 8. Bf4 g5 9. Bb5 Bd7 10. e6 fxe6 11. Bxc7 Bg7 12. Nc3 Bxc3+ 13. bxc3 Qc5 14. Qc4 Qxc4 15. Bxc4 Rc8 16. Bd6 Na5 17. Be2 Nc4 18. Bh5+ Kd8 19. Bg3 Rc5 20. O-O-O Kc8 21. Rhe1 Rf8 22. Bg4 Rf6 23. Rd4 b5 24. Bf3 Bc6 25. Bxc6 Rxc6 26. Red1 Nb6 27. Rd6 Rxd6 28. Rxd6 Nd5 29. c4 bxc4 30. Rc6+ Kb7 31. Rxc4 Nf4 32. Kd2 e5 33. Bxf4 exf4 34. Ke2 Kb6 35. a4 h5 36. Kf3 a6 37. Ke4 Re6+ 38. Kf3 Rf6 39. h3 Rd6 40. h4 gxh4 41. Rxf4 Rc6 42. Rxh4 Rc3+ 43. Kf4 Rxc2 44. Kg3 Rc5 45. Re4 Rg5+ 46. Kh3 Kc5 47. f4 Rg8 48. Re5+ Kb4 49. a5 Rf8 50. g3 1-0

[Event "Icelandic-ch 2021"]
[Site "Kopavogur"]
[Date "2021.04.26"]
[Round "5.3"]
[White "Stefansson, Hannes"]
[Black "Stefansson, Vignir Vatnar"]
[Result "1/2-1/2"]
[ECO "D42"]
[WhiteElo "2532"]
[BlackElo "2327"]
[Annotator "ChessBase"]
[PlyCount "91"]
[EventDate "2021.04.22"]
[EventType "tourn"]
[EventCountry "ISL"]
[SourceTitle "playchess.com"]
[Source "ChessBase"]
[SourceQuality "1"]
[TimeControl "40/5400+30:1800+30"]

1. d4 Nf6 2. c4 e6 3. Nc3 d5 4. cxd5 Nxd5 5. Nf3 c5 6. e3 Nc6 7. Bd3 Be7 8. O-O O-O 9. a3 cxd4 10. exd4 Bf6 11. Be4 Nce7 12. Qd3 h6 13. Ne5 Nxc3 14. Qxc3 Nf5 15. Be3 Bd7 16. Bxb7 Rb8 17. Be4 Nxe3 18. fxe3 Bxe5 19. dxe5 Qb6 20. b4 Rfc8 21. Qd2 Bb5 22. Rfd1 Rd8 23. Qf2 Qc7 24. Qb2 Qb6 25. Kf2 Bc6 26. Bxc6 Qxc6 27. Rac1 Qa4 28. Ke1 a5 29. Rxd8+ Rxd8 30. b5 Rd3 31. Qb1 Rxe3+ 32. Kf2 Qf4+ 33. Kg1 g6 34. Qb2 Qe4 35. Qf2 Qxe5 36. Rf1 f5 37. Qd2 Qc5 38. Qd8+ Kf7 39. Qd7+ Qe7 40. Qc6 Re5 41. Rc1 Qxa3 42. Qc7+ Kf6 43. Qd8+ Qe7 44. Qh8+ Qg7 45. Qd8+ Qe7 46. Qh8+ 1/2-1/2

[Event "Icelandic-ch 2021"]
[Site "Kopavogur"]
[Date "2021.04.26"]
[Round "5.4"]
[White "Gretarsson, Hjorvar Steinn"]
[Black "Thorfinnsson, Bragi"]
[Result "1-0"]
[ECO "D33"]
[WhiteElo "2588"]
[BlackElo "2432"]
[Annotator "ChessBase"]
[PlyCount "103"]
[EventDate "2021.04.22"]
[EventType "tourn"]
[EventCountry "ISL"]
[SourceTitle "playchess.com"]
[Source "ChessBase"]
[SourceQuality "1"]
[TimeControl "40/5400+30:1800+30"]

1. c4 Nf6 2. Nc3 c5 3. Nf3 e6 4. g3 d5 5. cxd5 exd5 6. d4 Nc6 7. Bg2 cxd4 8. Nxd4 Bc5 9. Nb3 Bb6 10. O-O d4 11. Na4 O-O 12. Nxb6 axb6 13. Bxc6 bxc6 14. Qxd4 c5 15. Qxd8 Rxd8 16. Bf4 Nd5 17. Rad1 Bh3 18. Rfe1 Nxf4 19. gxf4 g6 20. a3 Bf5 21. Na1 c4 22. f3 Rxd1 23. Rxd1 c3 24. bxc3 Rxa3 25. Rc1 b5 26. Kf2 h5 27. Ke1 Ra4 28. e4 Be6 29. Nc2 Ra2 30. h4 Bb3 31. Nd4 Bc4 32. Rc2 Ra1+ 33. Kf2 Rh1 34. Kg3 Rg1+ 35. Kh2 Rd1 36. Nc6 f6 37. f5 gxf5 38. Ne7+ Kf7 39. Nxf5 Bd3 40. Ra2 Rc1 41. Ra7+ Kf8 42. Ra3 Rf1 43. Kg3 Ke8 44. Kf4 Be2 45. Ke3 Bd1 46. Nd4 Kf7 47. Ra7+ Kg8 48. Ra5 Rh1 49. Rxb5 Rxh4 50. c4 Ba4 51. Ra5 Bd7 52. Ra7 1-0

[Event "Icelandic-ch 2021"]
[Site "Kopavogur"]
[Date "2021.04.26"]
[Round "5.5"]
[White "Thorfinnsson, Bjorn"]
[Black "Kjartansson, Gudmundur"]
[Result "0-1"]
[ECO "E16"]
[WhiteElo "2384"]
[BlackElo "2503"]
[Annotator "ChessBase"]
[PlyCount "80"]
[EventDate "2021.04.22"]
[EventType "tourn"]
[EventCountry "ISL"]
[SourceTitle "playchess.com"]
[Source "ChessBase"]
[SourceQuality "1"]
[TimeControl "40/5400+30:1800+30"]

1. d4 Nf6 2. c4 e6 3. Nf3 b6 4. g3 Bb7 5. Bg2 Bb4+ 6. Bd2 c5 7. d5 O-O 8. Bc3 exd5 9. Nh4 Ba6 10. Bxb4 cxb4 11. Nd2 Nc6 12. cxd5 Nd4 13. Nc4 Nxe2 14. Ne3 Qc8 15. Qd2 Qc5 16. Bf1 Ne4 17. Qc2 Nd4 18. Qxc5 Nxc5 19. Bxa6 Nxa6 20. O-O-O Rfc8+ 21. Kb1 Nb5 22. d6 Kf8 23. Nhf5 Rc5 24. Nd5 Re8 25. Rd2 Re6 26. Rhd1 Nxd6 27. Nxb4 Nc4 28. Rxd7 Nxb4 29. g4 g6 30. Nh6 Re7 31. f4 Rc7 32. Rd8+ Re8 33. g5 Rxd8 34. Rxd8+ Ke7 35. Rd4 a5 36. a3 Na6 37. f5 gxf5 38. h4 Ke6 39. Ng8 Ne5 40. Nf6 Nf3 0-1

[Event "Icelandic-ch 2021"]
[Site "Kopavogur"]
[Date "2021.04.27"]
[Round "6.2"]
[White "Thorfinnsson, Bragi"]
[Black "Thorfinnsson, Bjorn"]
[Result "1/2-1/2"]
[ECO "D55"]
[WhiteElo "2432"]
[BlackElo "2384"]
[Annotator "RC"]
[PlyCount "128"]
[EventDate "2021.04.22"]
[EventType "tourn"]
[EventCountry "ISL"]
[SourceTitle "playchess.com"]
[Source "ChessBase"]
[SourceQuality "1"]
[TimeControl "40/5400+30:1800+30"]

1. Nf3 d5 2. d4 e6 3. c4 Be7 4. Qc2 Nf6 5. Bg5 Ne4 6. Bxe7 Qxe7 7. Nc3 Nxc3 8. Qxc3 O-O 9. e3 c6 10. Bd3 dxc4 11. Qxc4 b6 12. Qc2 h6 13. O-O Bb7 14. Bh7+ Kh8 15. Be4 Nd7 16. Rac1 Rac8 17. Qa4 a6 18. Rc3 b5 19. Qc2 b4 20. Rc4 Nb6 21. Rc5 Nd7 22. Ra5 f5 23. Bd3 c5 24. Bxa6 Ra8 25. Qe2 Qd8 26. Bxb7 Rxa5 27. Bc6 Nf6 28. Ne5 Kh7 29. Bf3 Rxa2 30. Qc4 Rxb2 31. Nd3 Rd2 32. Nxc5 Qb8 33. Qxe6 f4 34. Qc4 fxe3 35. fxe3 Kh8 36. Rb1 Nh7 37. Nd7 Qe8 38. Nxf8 Qxe3+ 39. Kh1 Nxf8 40. Qxb4 Ne6 41. d5 Nd4 42. Ra1 Qd3 43. Bg4 Rf2 44. Qe1 Rf8 45. h3 Nc2 46. Qd1 Qxd1+ 47. Rxd1 Ne3 48. Rd3 Nxg4 49. hxg4 Kg8 50. Kh2 Ra8 51. Kg3 Kf7 52. Kf4 Ra4+ 53. Kf5 g6+ 54. Ke5 Rxg4 55. Rf3+ Ke8 56. g3 Kd7 57. Ra3 Rg5+ 58. Kf6 Kd6 59. Ra6+ Kxd5 60. Ra5+ Ke4 61. Rxg5 hxg5 62. Kxg5 Kf3 63. g4 Kg3 64. Kxg6 Kxg4 1/2-1/2

[Event "Icelandic-ch 2021"]
[Site "Kopavogur"]
[Date "2021.04.27"]
[Round "6.5"]
[White "Gretarsson, Helgi Ass"]
[Black "Bjornsson, Sigurbjorn"]
[Result "1-0"]
[ECO "E62"]
[WhiteElo "2437"]
[BlackElo "2327"]
[Annotator "NA"]
[PlyCount "81"]
[EventDate "2021.04.22"]
[EventType "tourn"]
[EventCountry "ISL"]
[SourceTitle "playchess.com"]
[Source "ChessBase"]
[SourceQuality "1"]
[TimeControl "40/5400+30:1800+30"]

1. Nf3 Nf6 2. g3 g6 3. Bg2 Bg7 4. c4 O-O 5. Nc3 d6 6. d4 Nc6 7. O-O Bf5 8. d5 Na5 9. Nh4 Bd7 10. b3 c5 11. Bb2 a6 12. Qd2 b5 13. Nd1 Rb8 14. Bc3 Nb7 15. e4 e5 16. dxe6 Bxe6 17. f4 Re8 18. Ne3 Bd7 19. e5 Ng4 20. Rad1 dxe5 21. Nd5 bxc4 22. h3 cxb3 23. hxg4 Bxg4 24. Rde1 Nd6 25. fxe5 Nb5 26. Ba5 Qd7 27. axb3 Rxe5 28. Rxe5 Bxe5 29. Nf3 Bg7 30. Ng5 Bd4+ 31. Qxd4 Nxd4 32. Nf6+ Kh8 33. Nxd7 Bxd7 34. Rxf7 Bc6 35. Bxc6 Nxc6 36. Bc3+ Nd4 37. Ne6 Kg8 38. Rg7+ Kh8 39. Nxd4 cxd4 40. Bxd4 Rb4 41. Ba1 1-0

[Event "Icelandic-ch 2021"]
[Site "Kopavogur"]
[Date "2021.04.29"]
[Round "8.1"]
[White "Hjartarson, Johann"]
[Black "Thorfinnsson, Bragi"]
[Result "0-1"]
[ECO "C45"]
[WhiteElo "2523"]
[BlackElo "2432"]
[Annotator "ChessBase"]
[PlyCount "68"]
[EventDate "2021.04.22"]
[EventType "tourn"]
[EventCountry "ISL"]
[SourceTitle "playchess.com"]
[Source "ChessBase"]
[SourceQuality "1"]
[TimeControl "40/5400+30:1800+30"]

1. e4 e5 2. Nf3 Nc6 3. d4 exd4 4. Nxd4 Nf6 5. Nxc6 bxc6 6. e5 Qe7 7. Qe2 Nd5 8. c4 Nb6 9. Nc3 Bb7 10. h4 O-O-O 11. Bg5 f6 12. exf6 gxf6 13. Bf4 Qf7 14. O-O-O Ba6 15. b3 Ba3+ 16. Kc2 d5 17. Qg4+ f5 18. Qf3 dxc4 19. Rxd8+ Rxd8 20. Qxc6 Bd6 21. Bg5 cxb3+ 22. axb3 Bb7 23. Qb5 Re8 24. Qa5 Re5 25. Qxa7 f4 26. Ba6 Bxa6 27. Qxa6+ Kd7 28. Qd3 Rc5 29. Kb2 Nd5 30. Na4 Ra5 31. Rc1 Kc8 32. Kb1 Nb4 33. Qh3+ Kb8 34. Rc4 Rxa4 0-1

[Event "Icelandic-ch 2021"]
[Site "Kopavogur"]
[Date "2021.04.29"]
[Round "8.3"]
[White "Mai, Alexander Oliver"]
[Black "Thorfinnsson, Bjorn"]
[Result "0-1"]
[ECO "C46"]
[WhiteElo "2025"]
[BlackElo "2384"]
[Annotator "NA"]
[PlyCount "108"]
[EventDate "2021.04.22"]
[EventType "tourn"]
[EventCountry "ISL"]
[SourceTitle "playchess.com"]
[Source "ChessBase"]
[SourceQuality "1"]
[TimeControl "40/5400+30:1800+30"]

1. e4 e5 2. Nf3 Nc6 3. Nc3 f5 4. d4 fxe4 5. Nxe5 Nf6 6. Bg5 Bb4 7. Bc4 d5 8. Bxf6 Qxf6 9. Bxd5 Nxe5 10. dxe5 Qxe5 11. O-O Bxc3 12. bxc3 c6 13. Bxe4 O-O 14. Qd3 Bf5 15. Rae1 Rad8 16. Qc4+ Qe6 17. Qxe6+ Bxe6 18. Bxh7+ Kxh7 19. Rxe6 Rd2 20. Re7 b5 21. Rxa7 Rxc2 22. g3 Rxc3 23. Re1 Kh6 24. Re6+ Rf6 25. Rxf6+ gxf6 26. Ra6 Kg6 27. Rb6 Kf5 28. Kg2 Rc2 29. h4 Ke6 30. g4 Kd5 31. Ra6 Re2 32. Kg3 c5 33. h5 c4 34. Ra8 Re1 35. Kg2 Re7 36. Rc8 Ra7 37. Kg3 b4 38. Rd8+ Kc5 39. Rd2 c3 40. Re2 Kd4 41. f4 Kd3 42. Re1 c2 43. g5 fxg5 44. fxg5 Rxa2 45. h6 b3 46. h7 Ra8 47. g6 b2 48. g7 c1=Q 49. Rxc1 bxc1=Q 50. h8=Q Qg1+ 51. Kf3 Qe3+ 52. Kg4 Qd4+ 53. Kf5 Rxh8 54. gxh8=Q Qxh8 0-1